 Dungeon Crawl Stone Soup version 0.29-a0-541-gaf1fc19f1b (webtiles) character file.

Game seed: 8041434140955618831

11 Essalna the Cutter (level 2, -3/19 HPs)
             Began as a Kobold Berserker on June 2, 2022.
             Was a Follower of Trog.
             Slain by a goblin
             ... wielding a +0 whip
              (5 damage)
             ... on level 1 of the Dungeon.
             The game lasted 00:01:04 (651 turns).

Essalna the Cutter (Kobold Berserker)                Turns: 651, Time: 00:01:04

Health: -3/19      AC:  2    Str: 14    XL:     2   Next: 35%
Magic:  2/2        EV: 15    Int:  8    God:    Trog [*.....]
Gold:   17         SH:  0    Dex: 14    Spells: 1/1 levels left

rFire   . . .      SeeInvis .   a - +0 short sword
rCold   . . .      Faith    .   (no shield)
rNeg    . . .      Spirit   .   b - +0 animal skin
rPois   .          Reflect  .   (no helmet)
rElec   .          Harm     .   (no cloak)
rCorr   .          Rampage  .   (no gloves)
Will    .....                   (no boots)
Stlth   ++........              (no amulet)
HPRegen 0.06/turn               (no ring)
MPRegen 0.08/turn               (no ring)

@: no status effects
A: small, no large weapons, nightstalker 3
a: Renounce Religion, Berserk


You were on level 1 of the Dungeon.
You worshipped Trog.
Trog was aware of your devotion.
You visited 1 branch of the dungeon, and saw 1 of its levels.

You collected 17 gold pieces.

Inventory:

Hand Weapons
 a - a +0 short sword (weapon)
Armour
 b - a +0 animal skin (worn)
Scrolls
 c - a scroll of identify {unknown}


   Skills:
 + Level 3.5 Fighting
 + Level 4.2 Short Blades
 + Level 1.7 Armour
 + Level 2.7 Dodging


You had one spell level left.
You didn't know any spells.
Your spell library was empty.

Dungeon Overview and Level Annotations

Branches:
Dungeon (1/15)

Altars:

Shops:
D:1 [


Innate Abilities, Weirdness & Mutations

You are small and have problems with some larger weapons.
You are completely attuned to the shadows.


Message History

The kobold misses you. The kobold attacks as you move away!
The kobold hits you with a +0 dagger. The goblin misses you.
The goblin attacks as you move away! The goblin barely misses you.
You hit the kobold.
You kill the kobold!
Trog accepts your kill.
You completely miss the kobold.
The kobold is moderately wounded.
The kobold barely misses you.
You hit the kobold.
You kill the kobold!
Trog accepts your kill. The goblin barely misses you.
Items here: ( )) †.
You hit the goblin.
The goblin is severely wounded.
The goblin barely misses you.
You hit the goblin.
You kill the goblin!
Trog accepts your kill.
Things that are here:
a +0 dagger; a goblin corpse A goblin comes into view.
It is wielding a +0 whip.
A goblin is nearby!
A goblin is nearby!
A goblin is nearby!
You are too injured to fight recklessly!
You are too injured to fight recklessly!
The goblin hits you with a +0 whip. The goblin barely misses you.
The goblin drinks a potion.
The goblin seems to grow stronger.
The goblin attacks as you move away! The goblin hits you with a +0 whip.
* * * LOW HITPOINT WARNING * * *
Things that are here:
a +0 dagger; a goblin corpse You hit the goblin.
The goblin is severely wounded.
The goblin hits you with a +0 whip.
You die...

# .. ..#
##########..#
.....)@>....#.
#.####g.....P.
...........#
.....#....##
.....#......
##
.....#......
#.
..$..##.#...
#.
.....##.#...
#.
.....##.#####
#.


You could see a goblin (strong).

Vanquished Creatures
  A dart slug (D:1)
  A bat (D:1)
  A goblin (D:1)
  2 frilled lizards (D:1)
  4 kobolds (D:1)
  A rat (D:1)
10 creatures vanquished.

Notes
Turn   | Place    | Note
-------+----------+-------------------------------------------
     0 | D:1      | Essalna the Kobold Berserker began the quest for the Orb.
     0 | D:1      | Reached XP level 1. HP: 14/14 MP: 1/1
    99 | D:1      | Found Puatusk's Armour Emporium.
   542 | D:1      | Reached XP level 2. HP: 19/19 MP: 2/2
   651 | D:1      | Slain by a goblin

Illustrated notes

Levels and vault maps discovered:
D:1:      dpeg_arrival_chambers_temple_mockup, layout_basic, serial_shops,
          nicolae_square_shop, serial_co_window_serial,
          co_window_of_opportunity_a, co_window_corner_a, co_window_corner_a,
          co_window_paths_b, co_window_cross_1, co_window_of_opportunity_c,
          co_window_broadway_b, co_window_of_opportunity_b, co_window_2corner,
          co_window_paths_e, glass_columns_c, glass_columns_c,
          dreamdust_ecumenical_altar_hidden_monk_grotto

Action                   || total
-------------------------++-------
Melee: Short sword       ||    32
       Punch             ||     1
 Stab: Sleeping          ||     1
Armor: Animal skin       ||     5
Dodge: Dodged            ||    22

Table legend: (Time is in decaauts)
 A = Elapsed time spent in this place.
 B = Non-inter-level travel time spent in this place.
 C = Inter-level travel time spent in this place.
 D = Time resting spent in this place.
 E = Time spent auto-exploring this place.
 F = Levels seen in this place.
 G = Mean time per level.
                   A        B        C        D        E       F      G
               +--------+--------+--------+--------+--------+-----+--------+
         Total |    647 |    647 |      0 |      0 |    552 |   1 |  647.0 |
       Dungeon |    647 |    647 |      0 |      0 |    552 |   1 |  647.0 |
               +--------+--------+--------+--------+--------+-----+--------+

Top non-repeatable levels by time:
     D:1: 647 daAuts
